Map: Terminal Paladino LE

Players

KILLERx

  • Race: Terran Terran
  • League: Silver
  • Spawn Location: 9:00

DuckKiller

  • Race: Terran Terran
  • League: Diamond
  • Spawn Location: 5:00

NightKnight

  • Race: Protoss Protoss
  • League: Diamond

efelinto

  • Race: Protoss Protoss

VOD

Have the link to the VOD?

Description

Time

  • Played on: April 8, 2017, 2:55 p.m.
  • Length: 17:24
Show
View Real Time Build Order
Export as new Build Order

KILLERx Terran 

Build Orders:  

Get SALT Encoding   

  12  0:05  SCV  
  13  0:17  SCV  
  14  0:28  Supply Depot  
  14  0:30  SCV  
  15  0:49  SCV  
  16  0:52  Barracks  
  16  0:55  Refinery  
  16  1:02  SCV  
  17  1:14  SCV  
  18  1:26  SCV  
  19  1:38  SCV  
  20  1:41  Barracks Reactor  
  20  1:45  Command Center  
  20  1:50  Orbital Command  
  20  2:07  Supply Depot  
  20  2:17  Marine x2  
  22  2:25  SCV  
  23  2:37  Marine, SCV  
  25  2:47  Factory  
  25  2:49  SCV  
  25  2:51  Marine  
  27  3:00  Orbital Command  
  27  3:03  Marine  
  28  3:07  SCV  
  28  3:09  Refinery, Marine  
  30  3:14  Barracks  
  30  3:19  SCV  
  31  3:21  Marine  
  31  3:26  Marine  
  32  3:27  SCV  
  32  3:32  SCV  
  35  3:34  Factory Tech Lab  
  35  3:37  Starport  
  35  3:39  Marine, SCV  
  37  3:44  Marine  
  39  3:48  SCV  
  39  3:51  SCV  
  39  3:52  Refinery  
  39  3:54  Refinery  
  40  3:56  Engineering Bay  
  40  3:58  Marine  
  41  4:03  SCV  
  41  4:04  Siege Tank  
  41  4:09  Marine  
  46  4:12  Barracks Tech Lab  
  46  4:18  Supply Depot  
  46  4:26  Marine, SCV x2  
  46  4:27  Marine  
  46  4:28  Missile Turret  
  50  4:31  Missile Turret  
  50  4:34  Medivac  
  52  4:38  SCV  
  52  4:44  Marine  
  49  4:47  SCV  
  45  4:57  Marine x2  
  45  4:59  SCV  
  47  5:02  Marine  
  48  5:10  Barracks  
  48  5:15  Marine x2  
  48  5:17  Barracks  
  48  5:19  Marine  
  51  5:24  SCV  
  52  5:30  Stimpack  
  52  5:32  Marine  
  52  5:33  Marine  
  54  5:37  Marine  
  54  5:39  Supply Depot  
  55  5:46  Starport Reactor  
  55  5:50  Marine  
  55  5:55  Siege Tank  
  55  5:56  SCV  
  60  6:03  SCV  
  61  6:06  Marine  
  61  6:07  Barracks Reactor  
  61  6:08  Barracks Reactor  
  61  6:10  Marine x2  
  64  6:15  SCV  
  65  6:24  Marine  
  66  6:27  Marine, Siege Tank  
  70  6:34  Supply Depot  
  70  6:35  Marine  
  70  6:38  Supply Depot  
  71  6:41  Marine  
  71  6:45  Marine  
  69  6:50  Marine x3  
  69  6:52  Marine  
  71  6:59  Marine, Siege Tank  
  70  7:03  Marine  
  70  7:07  Marine  
  70  7:08  Marine  
  66  7:10  Marine  
  57  7:16  Marine x2  
  57  7:17  Marine  
  57  7:21  Marine  
  60  7:25  Marine  
  60  7:26  Marine  
  60  7:28  Marine  
  62  7:34  Marine x2  
  62  7:35  Marine  
  63  7:38  SCV  
  63  7:39  Marine, Siege Tank  
  63  7:42  Marine  
  63  7:43  Marine  
  70  7:46  Marine  
  71  7:52  Marine x2  
  71  7:53  Marine  
  71  7:56  Medivac, Marine  
  77  8:00  Marine  
  77  8:01  Marine  
  79  8:06  Marine  
  79  8:10  Medivac  
  79  8:11  Siege Tank  
  85  8:13  SCV  
  85  8:15  Marine  
  85  8:17  Marine  
  78  8:30  Marine x3  
  74  8:34  Marine x2  
  74  8:35  Medivac  
  78  8:41  Marine  
  78  8:43  Siege Tank  
  78  8:46  Marine  
  78  8:48  Marine  
  83  8:52  Marine x2  
  83  8:54  Marine  
  87  9:03  Starport  
  87  9:05  SCV  
  87  9:06  SCV  
  89  9:11  Marine x2  
  89  9:17  SCV  
  89  9:19  Marine x2  
  89  9:21  Marine x2  
  85  9:25  Marine  
  85  9:29  Marine x2  
  88  9:36  Siege Tank  
  88  9:37  Marine x2  
  91  9:39  Marine x2  
  71  10:04  Marine x2  
  68  10:08  Siege Tank  
  62  10:40  Siege Tank  
  59  10:45  Marine x3  
  59  10:46  Marine x3  
  59  10:49  SCV  
  63  10:51  Marine  
  63  11:03  Marine x4  
  67  11:04  Marine x2  
  67  11:13  Siege Tank  
  61  11:19  Marine  
  61  11:21  Marine  
  46  11:45  Marine x4, Siege Tank  
  34  11:50  SCV  
  34  11:52  Marine x2  
  34  11:53  Marine  
  38  12:02  SCV  
  38  12:03  Marine x4  
  38  12:04  SCV  
  37  12:10  Marine x3  
  32  12:17  Siege Tank  
  32  12:20  Marine  
  32  12:21  Marine x3  
  28  12:28  Marine x3  
  18  12:35  SCV  
  17  12:38  Viking, Marine  
  17  12:39  Marine  
  20  12:46  Marine x2  
  22  13:00  SCV  
  23  13:07  Marine  
  23  13:09  Marine x2  
  27  13:12  SCV  
  27  13:13  SCV  
  27  13:18  Medivac  
  30  13:22  Marine  
  30  13:25  SCV x2  
  30  13:26  Siege Tank  
  36  13:30  Marine  
  37  13:37  SCV x2  
  37  13:38  Marine  
  40  13:45  Marine x2  
  40  13:46  Medivac  
  44  13:49  SCV x2  
  44  13:50  Marauder  
  46  13:58  Siege Tank  
  46  14:01  SCV  
  50  14:11  Marine x5  
  53  14:28  Marine  
  53  14:30  Siege Tank  
  40  14:32  Marine x2  
  40  14:40  Marine x2  
  41  14:46  Marine  
  41  14:50  Marine x2  
  44  14:58  Marine  
  45  15:02  Siege Tank  
  45  15:03  Marine  
  45  15:04  Marine  
  50  15:12  SCV  
  44  15:32  Marine x5  
  41  15:43  Siege Tank  
  44  15:50  Marine x2  
  44  15:51  Marine x2  
  30  16:28  Marine x4  
  26  16:39  Marine  
  27  16:46  Marine x2  
Show
View Real Time Build Order
Export as new Build Order

DuckKiller Terran 

Build Orders:  

Get SALT Encoding   

  12  0:01  Probe (Chrono Boost)  
  13  0:12  Probe (Chrono Boost)  
  14  0:19  Pylon  
  14  0:22  Probe (Chrono Boost)  
  15  0:37  Probe (Chrono Boost)  
  15  0:41  Gateway  
  16  0:47  Assimilator  
  17  0:50  Probe (Chrono Boost)  
  17  1:01  Probe (Chrono Boost)  
  18  1:04  Assimilator  
  18  1:11  Pylon  
  18  1:14  Probe (Chrono Boost)  
  19  1:25  Probe (Chrono Boost)  
  20  1:35  Probe (Chrono Boost)  
  20  1:37  Cybernetics Core  
  21  1:46  Probe (Chrono Boost)  
  22  1:56  Probe (Chrono Boost)  
  23  2:04  Warp Gate  
  23  2:07  Probe (Chrono Boost)  
  24  2:16  Stalker  
  24  2:19  Probe (Chrono Boost)  
  28  2:31  Probe (Chrono Boost)  
  28  2:42  Nexus  
  28  2:43  Probe (Chrono Boost)  
  29  2:50  Stargate  
  29  2:56  Probe (Chrono Boost)  
  31  3:27  Pylon  
  31  3:32  Gateway  
  31  3:39  Pylon  
  31  3:40  Oracle  
  31  3:47  Mothership Core (Chrono Boost)  
  34  3:48  Gateway  
  34  3:49  Twilight Council  
  35  3:55  Probe (Chrono Boost)  
  35  3:59  Assimilator  
  35  4:04  Assimilator  
  35  4:07  Probe (Chrono Boost)  
  36  4:15  Probe (Chrono Boost)  
  37  4:19  Probe (Chrono Boost)  
  37  4:21  Oracle  
  38  4:24  Adept  
  38  4:29  Probe (Chrono Boost)  
  44  4:39  Probe x2 (Chrono Boost)  
  45  4:57  Probe (Chrono Boost)  
  45  4:58  Probe (Chrono Boost)  
  47  5:07  Probe (Chrono Boost)  
  47  5:10  Probe (Chrono Boost)  
  47  5:13  Oracle  
  49  5:15  Adept x2  
  49  5:21  Forge  
  56  5:22  Probe (Chrono Boost)  
  56  5:24  Probe (Chrono Boost)  
  56  5:27  Templar Archives  
  58  5:30  Pylon  
  58  5:33  Probe (Chrono Boost)  
  60  5:36  Probe (Chrono Boost)  
  60  5:39  Adept  
  62  5:42  Pylon  
  62  5:46  Pylon  
  62  5:50  Adept  
  64  5:59  Probe (Chrono Boost)  
  64  6:00  Probe (Chrono Boost)  
  66  6:06  Adept x2  
  70  6:14  High Templar  
  72  6:18  Pylon  
  72  6:21  Psionic Storm  
  72  6:22  Protoss Ground Weapons Level 1  
  72  6:25  Probe (Chrono Boost)  
  74  6:26  Probe (Chrono Boost)  
  74  6:48  Adept  
  74  6:49  Adept x2  
  74  6:51  Pylon  
  64  7:11  Adept x3  
  64  7:12  Probe (Chrono Boost)  
  64  7:14  Probe (Chrono Boost)  
  64  7:15  Nexus  
  62  7:23  Probe (Chrono Boost)  
  62  7:26  Probe (Chrono Boost)  
  60  7:35  Adept x3  
  65  7:38  Probe (Chrono Boost)  
  65  7:43  Gateway  
  65  7:47  Gateway  
  65  7:50  Gateway  
  65  7:53  Pylon  
  65  7:57  Adept x2  
  65  7:58  Adept  
  71  8:09  Pylon  
  71  8:12  Mothership Core (Chrono Boost)  
  73  8:16  High Templar x2  
  77  8:28  Adept  
  79  8:36  Pylon  
  79  8:37  Pylon  
  79  8:43  Oracle  
  79  8:44  Gateway  
  79  8:46  Gateway  
  79  8:48  Gateway  
  82  8:49  High Templar, Gateway  
  82  8:50  High Templar x2  
  82  8:52  Adept  
  82  8:54  Protoss Ground Armor Level 1  
  90  8:58  Archon  
  90  9:03  High Templar  
  90  9:04  High Templar  
  90  9:09  Pylon  
  94  9:11  Pylon, Adept  
  96  9:24  Adept x3  
  98  9:33  Adept  
  82  9:54  Adept  
  82  9:55  Adept x2  
  82  9:56  Adept x3  
  77  10:14  Forge  
  77  10:16  Forge, Pylon  
  77  10:17  Adept x6  
  77  10:18  Pylon  
  83  10:37  Adept x2  
  83  10:38  Adept x5  
  96  10:43  Probe (Chrono Boost)  
  80  11:49  Probe x2 (Chrono Boost), Nexus  
  80  11:51  Pylon  
  78  11:54  Pylon  
  78  11:55  Nexus  
  78  11:57  Pylon  
  78  11:58  Assimilator  
  78  11:59  Assimilator  
  78  12:00  Resonating Glaives  
  76  12:01  Pylon  
  76  12:03  Assimilator  
  76  12:07  Assimilator  
  76  12:08  Protoss Ground Weapons Level 2  
  78  12:09  Probe x2 (Chrono Boost)  
  78  12:11  Oracle  
  81  12:17  High Templar x4  
  81  12:18  High Templar x4  
  81  12:21  Probe (Chrono Boost)  
  90  12:33  Probe (Chrono Boost)  
  90  12:35  Probe (Chrono Boost)  
  92  12:41  High Templar  
  92  12:42  High Templar  
  97  12:46  Probe (Chrono Boost)  
  91  12:58  Probe (Chrono Boost)  
  83  12:59  Adept x3  
  83  13:00  Probe (Chrono Boost), Adept  
  91  13:09  Oracle  
  91  13:10  Probe (Chrono Boost)  
  91  13:12  Probe (Chrono Boost)  
  96  13:15  Protoss Ground Armor Level 2  
  96  13:24  Adept  
  98  13:35  High Templar x3  
  104  13:54  Adept x3  
  104  13:55  Adept x2  
  110  14:07  Stalker  
  110  14:08  Stalker x4  
  120  14:31  Protoss Ground Weapons Level 3  
  114  14:36  Adept x4  
  114  14:37  Adept x6  
  129  14:57  Forge  
  129  14:58  Gateway  
  129  15:01  Gateway  
  129  15:04  Stalker x2  
  129  15:05  Stalker  
  129  15:06  High Templar  
  111  15:34  Adept x6  
  111  15:35  Adept x2  
  123  15:44  Probe (Chrono Boost)  
  123  15:45  Probe (Chrono Boost)  
  123  15:49  Mothership Core (Chrono Boost)  
  123  15:53  Fleet Beacon  
  123  15:59  Stalker x4  
  127  16:16  Archon  
  91  16:32  Stalker x4  
  76  16:33  High Templar x3, Stalker  
  76  16:34  High Templar x2  
  76  16:37  Probe x2 (Chrono Boost), Nexus  
  94  16:40  Assimilator  
  94  16:42  Adept x2  
  98  16:56  Adept x3  
  98  16:58  Adept x2  
  108  17:06  Archon  
  102  17:12  Archon  
  102  17:14  Stalker x3  
  102  17:15  Stalker x3, Adept  
Show
View Real Time Build Order
Export as new Build Order

NightKnight Protoss 

Build Orders:  

Get SALT Encoding   

Show
View Real Time Build Order
Export as new Build Order

efelinto Protoss 

Build Orders:  

Get SALT Encoding   

Tags
 
Add a new tag
Caveats
  • Supply blocks, unpowered buildings, or Contaminate may cause inaccurate times.
  • Supply counts are checked every 10 seconds.